 Dungeon Crawl Stone Soup version 0.23-b1-67-g8bd44de8e4 (webtiles) character file.

Game seed: 13193106504855385243

158 Kaderl the Ruffian (level 5, -7/42 HPs)
             Began as a Ghoul Gladiator on Feb 5, 2019.
             Killed from afar by an orc wizard (9 damage)
             ... with a magic dart
             ... on level 3 of the Dungeon.
             The game lasted 00:08:44 (1964 turns).

Kaderl the Ruffian (Ghoul Gladiator)                Turns: 1964, Time: 00:08:45

Health: -7/42      AC:  6    Str: 18    XL:     5   Next: 40%
Magic:  4/4        EV: 13    Int:  3    God:
Gold:   142        SH:  0    Dex: 11    Spells: 4/4 levels left

rFire    . . .     SeeInvis +     - Unarmed
rCold    + . .     Gourm    .   (no shield)
rNeg     + + +     Faith    .   a - +0 leather armour
rPois    ∞         Spirit   .   b - +2 helmet
rElec    .         Reflect  .   (no cloak)
rCorr    .         Harm     .   (no gloves)
MR       .....                  (no boots)
Stlth    +.........             (no amulet)
HPRegen  0.00/turn              p - ring of see invisible
MPRegen  0.09/turn              (no ring)

@: rotting
A: rotting body, claws 1, carnivore, cold resistance 1, negative energy
resistance 3, inhibited regeneration, torment resistance, unbreathing
a: no special abilities


You were on level 3 of the Dungeon.
You were not hungry.

You visited 1 branch of the dungeon, and saw 3 of its levels.

You collected 142 gold pieces.

Inventory:

Missiles
 c - 3 throwing nets (quivered)
Armour
 a - a +0 leather armour (worn)
 b - a +2 helmet (worn)
Jewellery
 p - a ring of see invisible (left claw)
Wands
 h - a wand of iceblast (8)
Scrolls
 e - 6 scrolls of identify
 i - 2 scrolls of remove curse
 j - a scroll of amnesia
Potions
 g - 3 potions of curing {unknown}
 l - a potion of might {unknown}
 o - 2 potions of haste {unknown}
Comestibles
 d - 5 rations
 f - 13 chunks of flesh


   Skills:
 + Level 2.3 Fighting
 + Level 1.8 Throwing
 + Level 1.0 Armour
 * Level 3.7 Dodging
 * Level 1.4 Stealth
 * Level 5.0 Unarmed Combat


You had 4 spell levels left.
You didn't know any spells.
Your spell library was empty.

Dungeon Overview and Level Annotations

Branches:
Dungeon (3/15)

Altars:


Innate Abilities, Weirdness & Mutations

Your body is rotting away.
You thrive on raw meat.
You are immune to poison.
You have sharp fingernails.
You are carnivorous and can eat meat at any time.
Your flesh is cold resistant. (rC+)
You are immune to negative energy. (rN+++)
You do not regenerate when monsters are visible.
You are immune to unholy pain and torment.
You can survive without breathing.


Message History

* * * LOW HITPOINT WARNING * * *
The orc hits you with a +0 dagger.
* * * LOW HITPOINT WARNING * * *
You're too confused to move!
The orc misses you. The orc wizard misses you.
The orc priest closely misses you. The orc barely misses you.
The orc wizard closely misses you.
You completely miss the orc.
The orc is severely wounded.
The orc wizard hits you but does no damage.
The orc priest misses you. The orc barely misses you.
You claw the orc wizard!
The orc wizard is almost dead.
The orc wizard closely misses you. The orc barely misses you.
The orc priest calls upon Beogh to heal the orc wizard.
The orc wizard is healed somewhat.
You feel less confused.
The orc wizard points at you and mumbles some strange words.
The magic dart hits you!
You die...

#..........#
#..)......#
#...# ##..#
#o.#
#oo##########
#.o##.......#
###
##.##.......#
...#
#.@#.......#
...#####
##÷#<......#
.......######
#.).......#
............#
#.........#
..>)÷.......#
##.÷...)..#
#..#.÷#.....#
###..#######
#...........#
#.......#
#...........#
#.......#
###...##....#
#.......#


You could see an orc priest, an orc wizard and 2 orcs.

Vanquished Creatures
  Ijyb (D:3)
  4 adders
  2 oozes (D:1)
  2 worms (D:2)
  2 dart slugs
  2 leopard geckos
  9 orcs
  5 giant cockroaches
  7 goblins
  7 hobgoblins
  2 jackals (D:2)
  5 kobolds (D:1)
  10 bats
  6 frilled lizards
  6 rats
70 creatures vanquished.

Notes
Turn   | Place    | Note
-------+----------+-------------------------------------------
     0 | D:1      | Kaderl the Ghoul Gladiator began the quest for the Orb.
     0 | D:1      | Reached XP level 1. HP: 17/17 MP: 0/0
    35 | D:1      | Reached XP level 2. HP: 24/24 MP: 1/1
   141 | D:1      | Reached XP level 3. HP: 9/29 MP: 2/2
   148 | D:1      | Reached skill level 1 in Stealth
   732 | D:1      | Reached skill level 4 in Unarmed Combat
   961 | D:2      | Reached XP level 4. HP: 18/36 MP: 3/3
  1792 | D:3      | Noticed Ijyb
  1809 | D:3      | Killed Ijyb
  1809 | D:3      | Reached skill level 1 in Armour
  1809 | D:3      | Reached XP level 5. HP: 28/42 MP: 4/4
  1917 | D:3      | Reached skill level 5 in Unarmed Combat
  1956 | D:3      | HP: 2/42 [orc/+0 dagger (4)]
  1964 | D:3      | Killed from afar by an orc wizard

Skill      XL: |  1  2  3  4  5 |
---------------+----------------+-----
Dodging        | 3 |  3.7
Stealth        | 1 |  1.4
Unarmed Combat | 4 5 |  5.0
Armour         | 1 |  1.0
Fighting       | |  2.3
Throwing       | |  1.8

Action                   |  1- 3 |  4- 6 || total
-------------------------+-------+-------++-------
Melee: Unarmed           |   128 |   124 ||   252
       Punch             |     2 |     1 ||     3
  Use: Scroll            |       |     8 ||     8
  Eat: Chunk             |    10 |    15 ||    25
Armor: Leather armour    |    38 |    50 ||    88
Dodge: Dodged            |    82 |   139 ||   221
